 Dungeon Crawl Stone Soup version 0.32-a0-747-gc8563f6773 (webtiles) character file.

Game seed: 8878421920610769226

379674 jamsaran the Devastator (level 20, -6/167 HPs)
             Began as a Demigod Alchemist on Mar 17, 2024.
             Mangled by a skeletal warrior
             ... wielding a +0 dire flail
              (15 damage)
             ... on level 1 of the Crypt.
             The game lasted 04:06:07 (83603 turns).

jamsaran the Devastator (Demigod Alchemist)        Turns: 83603, Time: 04:06:08

Health: -6/167     AC: 22    Str: 28    XL:     20   Next: 97%
Magic:  2/41       EV: 16    Int: 32    God:
Gold:   448        SH: 18    Dex: 21    Spells: 5/43 levels left

rFire   + . .        b - +4 falchion of the Reaper {holy, rPois Will+ Stlth+}
rCold   + . .        p - +0 kite shield of Shadows and Fog {^Contam rPois rN++ Dex+3}
rNeg    + + +        W - quicksilver dragon scales of the Earth {rElec rF+ Will+ Str+3}
rPois   +            a - +2 helmet {Int+3}
rElec   +            d - +0 cloak
rCorr   +            l - +2 pair of gloves {Stlth+}
SInv    +            O - +0 pair of boots of the Kettle-Drum {rC- Will+ SInv Stlth+}
Will    +++++        s - amulet of Poifohaewk {Reflect rC+ Str+4 SH+5}
Stlth   +++++++      A - ring of resist corrosion
HPRegen 0.47/turn    u - ring "Zoud" {rC+ rN+ Will++ Str+4 Slay+3}
MPRegen 0.27/turn

%: reflection
@: mighty
A: high MP 1, forlorn, divine attributes, screaming 1, MP-powered wands
}: 2/15 runes: serpentine, barnacled
a: no special abilities


You were on level 1 of the Crypt.
You visited 9 branches of the dungeon, and saw 41 of its levels.
You also visited: Bailey and Ice Cave.

You collected 5729 gold pieces.
You spent 5281 gold pieces at shops.

Inventory:

Hand Weapons
 b - the +4 falchion of the Reaper (weapon) {holy, rPois Will+ Stlth+}
   (You found it on level 4 of the Shoals)

   rPois:     It protects you from poison.
   Will+:     It increases your willpower.
   Stlth+:    It makes you more stealthy.
 F - the +10 war axe of the Building Gods {drain, Stlth+}
   (You bought it in a shop on level 4 of the Dungeon)

   Stlth+:    It makes you more stealthy.
 Y - the +6 morningstar of the Equator {heavy, rPois}
   (You bought it in a shop on level 2 of the Orcish Mines)

   rPois:     It protects you from poison.
Armour
 a - a +2 helmet of intelligence (worn)
 d - a +0 cloak (worn)
 l - a +2 pair of gloves of stealth (worn)
 p - the +0 kite shield of Shadows and Fog (worn) {^Contam rPois rN++ Dex+3}
   (You acquired it on level 2 of the Snake Pit)

   Dex+3:     It affects your dexterity (+3).
   rPois:     It protects you from poison.
   rN++:      It greatly protects you from negative energy.
   ^Contam:   It causes magical contamination when unequipped.
 O - the +0 pair of boots of the Kettle-Drum (worn) {rC- Will+ SInv Stlth+}
   (You bought it in a shop on level 2 of the Orcish Mines)

   rC-:       It makes you vulnerable to cold.
   Will+:     It increases your willpower.
   SInv:      It lets you see invisible.
   Stlth+:    It makes you more stealthy.
 W - the quicksilver dragon scales of the Earth (worn) {rElec rF+ Will+ Str+3}
   (You acquired it on level 1 of the Vaults)

   Str+3:     It affects your strength (+3).
   rF+:       It protects you from fire.
   rElec:     It insulates you from electricity.
   Will+:     It increases your willpower.
Jewellery
 h - the ring of Xeshifut {rC+ rN+ Str+2}
   (You took it off a deep elf demonologist on level 3 of the Elven Halls)

   [ring of protection from cold]

   Str+2:     It affects your strength (+2).
   rC+:       It protects you from cold.
   rN+:       It protects you from negative energy.
 o - a ring of flight
 s - the amulet of Poifohaewk (around neck) {Reflect rC+ Str+4 SH+5}
   (You acquired it on level 1 of the Lair of Beasts)

   [amulet of reflection]

   Reflect:   It reflects blocked missile attacks.
   Str+4:     It affects your strength (+4).
   rC+:       It protects you from cold.
   SH+5:      It affects your SH (+5).
 u - the ring "Zoud" (right hand) {rC+ rN+ Will++ Str+4 Slay+3}
   (You bought it in a shop on level 1 of the Elven Halls)

   [ring of protection from cold]

   Str+4:     It affects your strength (+4).
   Slay+3:    It affects your accuracy & damage with ranged weapons and melee
   (+3).
   rC+:       It protects you from cold.
   rN+:       It protects you from negative energy.
   Will++:    It greatly increases your willpower.
 A - a ring of resist corrosion (left hand)
 R - a +6 ring of intelligence
Wands
 t - a wand of polymorph (13)
 D - a wand of paralysis (49)
 E - a wand of flame (108)
 L - a wand of mindburst (9)
 P - a wand of roots (25)
 S - a wand of acid (5)
Scrolls
 j - 3 scrolls of poison
 m - a scroll of blinking
 r - 3 scrolls of amnesia
 x - 14 scrolls of enchant weapon
 I - 3 scrolls of fog
 J - 8 scrolls of vulnerability
 N - 10 scrolls of enchant armour
 Q - a scroll of revelation
 X - 3 scrolls of silence
 Z - a scroll of fear
Potions
 c - 4 potions of berserk rage
 e - 2 potions of resistance
 g - 4 potions of mutation
 i - 5 potions of curing
 k - 5 potions of enlightenment
 n - 2 potions of cancellation
 q - 2 potions of might
 v - 3 potions of haste
 B - 5 potions of brilliance
Miscellaneous
 y - a phantom mirror
 T - a sack of spiders
 U - a phial of floods
 V - a condenser vane


   Skills:
 + Level 11.9 Fighting
 - Level 9.0 Long Blades
 - Level 9.0 Axes
 - Level 9.0 Armour
 - Level 9.0 Dodging
 - Level 9.0 Stealth
 - Level 12.0 Shields
 - Level 12.0 Spellcasting
 - Level 18.0 Conjurations
 - Level 12.0 Hexes
 - Level 3.0 Translocations
 + Level 7.0 Fire Magic
 - Level 3.0 Air Magic
 - Level 9.0 Alchemy
 - Level 9.0 Evocations


You had 5 spell levels left.
You knew the following spells:

 Your Spells              Type           Power      Damage    Failure   Level
b - Sticky Flame          Fire/Alch      63%        2d11      1%          4
c - Confusing Touch       Hex            77%        N/A       1%          3
d - Orb of Destruction    Conj           47%        9d12      2%          7
f - Fireball              Conj/Fire      39%        3d16      1%          5
o - Olgreb's Toxic Radia  Alch           67%        N/A       1%          4
r - Irradiate             Conj/Alch      40%        3d25      1%          5
t - Tukima's Dance        Hex            77%        N/A       1%          3
x - Blink                 Tloc           76%        N/A       2%          2
y - Yara's Violent Unrav  Hex/Alch       36%        3d15      1%          5

Your spell library contained the following spells:

 Spells                   Type           Power      Damage    Failure   Level
 Apportation              Tloc           76%        N/A       1%          1
 Foxfire                  Conj/Fire      100%       2x1d9     1%          1
 Slow                     Hex            100%       N/A       1%          1
 Sting                    Conj/Alch      100%       1d9       1%          1
 Mercury Vapours          Alch/Air       100%       N/A       1%          2
 Momentum Strike          Conj/Tloc      100%       3d10      1%          2
 Dazzling Flash           Conj/Hex       100%       N/A       1%          3
 Hailstorm                Conj/Ice       67%        3d12      1%          3
 Inner Flame              Hex/Fire       69%        N/A       1%          3
 Mephitic Cloud           Conj/Alch/Air  70%        N/A       1%          3
 Brom's Barrelling Bould  Conj/Erth      67%        2d8       1%          4
 Cause Fear               Hex            38%        N/A       1%          4
 Flame Wave               Conj/Fire      78%        2d17      1%          4
 Iskenderun's Mystic Bla  Conj/Tloc      72%        2d15      1%          4
 Iskenderun's Battlesphe  Conj           94%        2d14      1%          5
 Lesser Beckoning         Tloc           76%        N/A       2%          2
 Dimensional Bullseye     Hex/Tloc       30%        N/A       2%          4
 Gell's Gravitas          Tloc           38%        N/A       4%          3
 Teleport Other           Tloc           38%        N/A       4%          3
 Anguish                  Hex/Necr       27%        N/A       4%          4
 Necrotise                Necr           76%        1d7       5%          1
 Summon Small Mammal      Summ           76%        N/A       5%          1
 Silence                  Hex/Air        30%        N/A       7%          5
 Petrify                  Alch/Erth      48%        N/A       9%          4
 Summon Mana Viper        Hex/Summ       55%        N/A       12%         5
 Summon Ice Beast         Ice/Summ       19%        N/A       16%         3
 Vampiric Draining        Necr           19%        2d7       16%         3
 Passage of Golubria      Tloc           38%        N/A       16%         4
 Animate Dead             Necr           19%        N/A       45%         4
 Martyr's Knell           Necr/Summ      19%        N/A       45%         4
 Borgnjor's Vile Clutch   Necr/Erth      9%         N/A       82%         5
 Curse of Agony           Necr           19%        N/A       82%         5
 Conjure Ball Lightning   Conj/Air       36%        3x3d12    11%         6
 Eringya's Noxious Bog    Alch           33%        4d6       21%         6
 Enfeeble                 Hex            38%        N/A       32%         7
 Spellforged Servitor     Conj/Summ      33%        N/A       73%         7
 Sculpt Simulacrum        Ice/Alch       24%        N/A       77%         6
 Dispersal                Tloc           19%        N/A       93%         6
 Death Channel            Necr           9%         N/A       100%        6
 Permafrost Eruption      Ice/Erth       9%         2x4d4     100%        6
 Malign Gateway           Summ/Tloc      14%        N/A       100%        7
 Monstrous Menagerie      Summ           9%         N/A       100%        7
 Ignition                 Fire           29%        3d9       100%        8
 Lehudib's Crystal Spear  Conj/Erth      33%        10d9      100%        8
 Summon Horrible Things   Summ           9%         N/A       100%        8


Dungeon Overview and Level Annotations

Branches:
Dungeon (15/15)            Temple (0/1) D:7            Lair (5/5) D:11
 Shoals (4/4) Lair:2        Snake (4/4) Lair:2        Slime (2/5) Lair:5
    Orc (2/2) D:12            Elf (3/3) Orc:2        Vaults (5/5) D:14
  Crypt (1/3) Vaults:3     Depths (0/4) D:15         Bailey (visited)
  IceCv (visited)

Shops:
D:4 (   D:7 *   Orc:1 ?(   Orc:2 ?**:[   Elf:1 =   Elf:2 *   Elf:3 !
Vaults:1 ![!?   Vaults:3 ?

Portals:
Trove: D:11 (show abyssal rune of Zot)

Annotations:
Lair:5 1 runed translucent door, Biggs's ghost, journeyman TrFi
Elf:3 3 runed translucent doors
Vaults:5 Mara
Crypt:1 2 transporters, Vailuoroe's ghost, veteran GrEE


Innate Abilities, Weirdness & Mutations

You have an increased reservoir of magic. (+10% MP)
You shall have no god before yourself.
Your divine heritage dramatically boosts your attributes as you level up.
You occasionally shout uncontrollably at your foes.
You expend magic power (3 MP) to strengthen your wands.


Message History

The juggernaut skeleton is almost destroyed.
The juggernaut skeleton burns!
The caustic shrike zombie claws you but does no damage.
The caustic shrike zombie barely misses you.
Unknown command.
You slash the juggernaut skeleton!
The juggernaut skeleton convulses.
You destroy the juggernaut skeleton!
The caustic shrike zombie claws you but does no damage.
Unknown command.
You feel better.
The caustic shrike zombie claws you but does no damage.
You block the caustic shrike zombie's attack.
Unknown command.
You slice the iron dragon zombie!!
The iron dragon zombie convulses!!
The iron dragon zombie is moderately damaged.
The caustic shrike zombie claws you.
* * * LOW HITPOINT WARNING * * *
The caustic shrike zombie claws you!!
* * * LOW HITPOINT WARNING * * *
Unknown command.
You hit the iron dragon zombie but do no damage.
The iron dragon zombie is moderately damaged.
The caustic shrike zombie barely misses you.
The iron dragon zombie bites you!
* * * LOW HITPOINT WARNING * * *
You block the iron dragon zombie's attack.
The iron dragon zombie tramples you but does no damage.
You block the caustic shrike zombie's attack.
Casting: Sticky Flame (mildly dangerous; 1% risk of failure)
Confirm with . or Enter, or press ? or * to list all spells.
You don't have enough magic to cast this spell.
Unknown command.
Blink to where?
Press: ? - help, Dir - move target A skeletal warrior comes into view.
It is wielding a +0 dire flail.
As you read the scroll of blinking, it crumbles to dust.
You block the skeletal warrior's attack.
Unknown command.
The skeletal warrior hits you with a +0 dire flail!
You die...

# .L# ..# .#.$# ..#
L#.# ....# ## #
###.R. #...#..
#.##§#W.###...#.[
#t#.Z##X##.......
.#:..##..###.....#
.#.# #$.Zz.....# #
##...@....#
#####....# #
.##.##...# ..
^...©#...# #...
.#####[..# .....
#.....[####zZ....
........<○zVzZ....
.........####z#...#
#####.#### .. #


You could see a tentacled monstrosity (wandering), a lich (wandering), a
rakshasa (wandering), a skeletal warrior, an apocalypse crab, Vailuoroe's ghost,
an iron dragon zombie and a caustic shrike zombie.

Vanquished Creatures
  Nikola (Shoals:3)
  A deep elf blademaster (Elf:3)
  A titan (Vaults:5)
  An acid blob (Slime:1)
  A deep elf master archer (Elf:3)
  Polyphemus (Shoals:3)
  A sphinx (Vaults:1)
  2 tengu reavers
  Agnes (D:15)
  5 nagarajas
  2 storm dragons (Vaults:5)
  Donald (Snake:1)
  A fire giant (Vaults:1)
  Aizul (Snake:1)
  10 deep elf sorcerers
  A revenant (Crypt:1)
  6 deep elf elementalists (Elf:3)
  13 vault wardens
  The ghost of asd2613 the Grappler, a journeyman TrGl of the Shining One (D:12)
  17 ironbound preservers
  2 orc warlords
  3 formless jellyfish
  A juggernaut skeleton (Crypt:1)
  11 ironbound thunderhulks
  2 deep elf death magi (Elf:3)
  5 deep elf demonologists
  6 deep elf annihilators (Elf:3)
  Nessos (Lair:4)
  6 dire elephants
  2 war gargoyles (Vaults:4)
  Azrael (D:15)
  A minotaur (Shoals:2)
  An ettin (Vaults:4)
  6 merfolk javelineers
  Josephine (Lair:4)
  2 eidola
  3 hydras
  10 jiangshi
  2 green deaths (Snake:1)
  5 merfolk impalers
  6 great orbs of eyes
  3 entropy weavers
  A peacekeeper (Vaults:2)
  4 yaktaur captains
  6 deep elf high priests
  17 vault guards
  2 salamander tyrants (Snake:4)
  9 ironbound frosthearts
  3 ogre magi
  2 catoblepae
  A satyr (Shoals:2)
  A death knight (D:14)
  14 two-headed ogres
  13 anacondas
  19 centaur warriors
  2 merfolk avatars
  5 boulder beetles
  2 tengu warriors
  2 vampire magi (Crypt:1)
  6 merfolk aquamancers
  6 naga sharpshooters
  2 hell hogs (Lair:5)
  A shock serpent (shapeshifter) (Vaults:3)
  2 death yaks (Shoals:3)
  9 naga warriors
  9 shock serpents
  23 dancing weapons
  3 orc high priests
  5 skysharks
  Nergalle (Lair:3)
  The ghost of GreenGuy14 the Cleaver, a novice MiFi of Beogh (D:6)
  The ghost of hecktor the Fighter, a novice FoFi (D:6)
  18 deep elf knights
  8 skeletal warriors
  A flayed ghost (Vaults:3)
  5 salamander mystics
  31 deep trolls
  13 sea snakes
  9 arcanists
  A glowing orange brain (Vaults:3)
  12 naga ritualists
  9 deep elf archers
  13 mana vipers
  An orange crystal statue (Shoals:3)
  4 harpies (Shoals:3)
  14 ironbound convokers
  2 thermic dynamos (Elf:1)
  7 lindwurms
  2 phantasmal warriors
  26 deep elf pyromancers
  A harpy (shapeshifter) (Elf:2)
  7 orc knights
  The ghost of gimp the Carver, a novice CoWn of Trog (D:6)
  25 deep elf zephyrmancers
  A frost giant zombie (Vaults:3)
  3 necromancers
  14 fauns
  An orc sorcerer (Orc:1)
  A wolf spider (D:15)
  9 manticores
  An elf skeleton (Vaults:3)
  7 cyclopes
  39 ugly things
  3 shining eyes (Slime:1)
  19 salamanders
  11 elephants
  8 merfolk sirens
  2 rust devils (D:14)
  17 naga magi
  4 meliai (Shoals:2)
  41 black mambas
  An ice statue (IceCv)
  A molten gargoyle (Lair:5)
  17 vault sentinels
  7 guardian serpents
  8 water nymphs
  9 cane toads
  A torpor snail (Lair:3)
  2 unseen horrors (D:12)
  5 gargoyles
  An orange demon (D:14)
  A yaktaur zombie (Vaults:3)
  A cane toad (shapeshifter) (D:14)
  2 rime drakes
  16 komodo dragons
  A tengu conjurer (D:15)
  4 kobold demonologists
  14 yaktaurs
  A human skeleton (Vaults:3)
  2 ice devils (D:14)
  A troll (shapeshifter) (Elf:3)
  23 merfolk
  15 trolls
  7 wind drakes
  A hornet (D:10)
  A tarantella (Vaults:3)
  7 dream sheep (Lair:5)
  21 blink frogs (Lair:3)
  15 snapping turtles
  34 slime creatures
  A spriggan (shapeshifter) (Elf:1)
  8 wraiths
  Sigmund (D:5)
  A dire elephant simulacrum (IceCv)
  A wind drake zombie (Crypt:1)
  4 air elementals
  5 fire elementals
  5 wyverns
  Eustachio (D:6)
  3 vampires
  10 water elementals
  31 yaks
  18 humans
  3 hogs (D:14)
  3 steam dragons
  A golden eye (shapeshifter) (D:15)
  9 basilisks
  4 redbacks
  5 wargs
  3 vampire mosquitoes (D:10)
  36 nagas
  A deep troll zombie (Crypt:1)
  2 acid dragons (D:10)
  A hydra simulacrum (IceCv)
  Duvessa (D:5)
  12 water moccasins
  An ice beast (D:11)
  10 hell hounds
  A fire bat skeleton (Crypt:1)
  34 orc warriors
  2 sky beasts (D:7)
  5 black bears
  23 laughing skulls
  28 ogres
  5 wolves
  11 centaurs
  9 kobold brigands
  A human zombie (Vaults:3)
  2 earth elementals
  3 gnoll sergeants
  11 bullfrogs
  3 scorpions
  4 cane toad simulacra (IceCv)
  2 two-headed ogre simulacra (IceCv)
  12 wights
  Dowan (D:5)
  An elephant simulacrum (IceCv)
  3 killer bees (D:8)
  4 howler monkeys
  16 electric eels
  9 lava snakes
  4 hounds
  A bullfrog skeleton (Crypt:1)
  2 bombardier beetles
  15 orc priests
  Crazy Yiuf (D:5)
  A sleepcap (D:6)
  A gnoll bouda (D:6)
  2 iguanas
  Natasha (thrice) (D:2)
  21 orc wizards
  A polar bear simulacrum (IceCv)
  5 troll simulacra (IceCv)
  9 spriggan simulacra (IceCv)
  2 wolf simulacra (IceCv)
  Robin (D:4)
  23 gnolls
  9 adders
  A naga simulacrum (IceCv)
  A river rat (D:5)
  A shadow imp (D:3)
  10 white imps (IceCv)
  7 ufetubi (IceCv)
  3 dart slugs
  5 ribbon worms
  68 orcs
  5 bats
  7 endoplasms
  4 giant cockroaches
  21 goblins
  24 hobgoblins
  2 jackals (D:2)
  7 quokkas
  9 ball pythons
  A frilled lizard (D:1)
  15 kobolds
  12 rats
1605 creatures vanquished.

Vanquished Creatures (collateral kills)
  Kirke (D:14)
  A tengu reaver (Vaults:3)
  2 nagarajas (Snake:4)
  A salamander tyrant (Snake:3)
  A merfolk aquamancer (Shoals:4)
  A naga sharpshooter (Snake:4)
  A deep elf knight (Elf:1)
  A salamander mystic (Snake:3)
  An arcanist (Vaults:1)
  A naga ritualist (Snake:4)
  6 salamanders
  A vault sentinel (Vaults:1)
  A naga mage (Snake:4)
  A molten gargoyle (Lair:5)
  3 yaktaurs
  A merfolk (Shoals:1)
  A hog (D:14)
  5 nagas
  A laughing skull (Crypt:1)
31 creatures vanquished.

Vanquished Creatures (others)
  Asterion (Vaults:3)
  An ironbound preserver (Vaults:3)
  A merfolk impaler (Shoals:4)
  A merfolk aquamancer (Shoals:4)
  13 dancing weapons
  A sea snake (Shoals:4)
  A deep elf pyromancer (Elf:3)
  2 fauns (Shoals:1)
  A manticore (Shoals:3)
  2 humans
  An orc wizard (Orc:1)
25 creatures vanquished.

Grand Total: 1661 creatures vanquished

Notes
Turn   | Place    | Note
-------+----------+-------------------------------------------
     0 | D:1      | jamsaran the Demigod Alchemist began the quest for the Orb.
     0 | D:1      | Reached XP level 1. HP: 14/14 MP: 5/5
    48 | D:1      | Reached skill level 1 in Conjurations
   102 | D:1      | Reached XP level 2. HP: 15/20 MP: 1/7
   885 | D:1      | Reached XP level 3. HP: 26/26 MP: 6/8
   889 | D:1      | Learned a level 3 spell: Mephitic Cloud
  1071 | D:2      | Reached skill level 2 in Conjurations
  1317 | D:2      | Noticed Natasha
  1321 | D:2      | Killed Natasha
  1427 | D:2      | Noticed Natasha
  1432 | D:2      | Killed Natasha
  1433 | D:2      | Reached skill level 1 in Air Magic
  1433 | D:2      | Reached XP level 4. HP: 23/33 MP: 9/9
  1709 | D:2      | Noticed Natasha
  1722 | D:2      | Killed Natasha
  2324 | D:3      | Reached XP level 5. HP: 38/38 MP: 8/11
  3688 | D:4      | Noticed Robin
  3694 | D:4      | Reached XP level 6. HP: 40/45 MP: 13/13
  3708 | D:4      | Reached skill level 5 in Alchemy
  3717 | D:4      | Killed Robin
  4101 | D:4      | Found Humn's Weapon Shop.
  4362 | D:4      | Learned a level 4 spell: Olgreb's Toxic Radiance
  4628 | D:5      | Entered Level 5 of the Dungeon
  4750 | D:5      | Reached skill level 1 in Fire Magic
  4757 | D:5      | Noticed Sigmund
  4759 | D:5      | Reached XP level 7. HP: 19/50 MP: 14/14
  4784 | D:5      | Killed Sigmund
  5054 | D:5      | Noticed Duvessa
  5055 | D:5      | Noticed Dowan
  5061 | D:5      | Killed Duvessa
  5062 | D:5      | Killed Dowan
  5063 | D:5      | Reached XP level 8. HP: 57/57 MP: 13/15
  5103 | D:5      | Learned a level 4 spell: Sticky Flame
  5536 | D:5      | Found a runed translucent door.
  5537 | D:5      | Noticed Crazy Yiuf
  5718 | D:5      | Killed Crazy Yiuf
  5832 | D:6      | Reached skill level 1 in Fighting
  6168 | D:6      | Noticed Eustachio
  6184 | D:6      | Killed Eustachio
  6185 | D:6      | Reached skill level 3 in Conjurations
  6472 | D:6      | Identified the +3 dagger of Devotion {freeze, rF+ rN++
                  | Stlth-}
  6683 | D:6      | Found a runed translucent gate.
  6684 | D:6      | Found a runed translucent gate.
  6685 | D:6      | Found a runed translucent gate.
  7052 | D:6      | Noticed hecktor's ghost (novice FoFi)
  7052 | D:6      | Noticed GreenGuy14's ghost (novice MiFi)
  7053 | D:6      | Noticed gimp's ghost (novice CoWn)
  7359 | D:7      | Reached skill level 1 in Armour
  7550 | D:7      | Reached XP level 9. HP: 69/69 MP: 16/16
  7595 | D:7      | Found a staircase to the Ecumenical Temple.
  7828 | D:7      | Reached skill level 5 in Fire Magic
  8538 | D:7      | Found Ihuv Amo's Elemental Accessories.
  9858 | D:9      | Reached XP level 10. HP: 44/79 MP: 13/19
 10166 | D:9      | Reached skill level 5 in Fighting
 10286 | D:9      | Noticed a deep elf pyromancer
 10299 | D:9      | Killed a deep elf pyromancer
 10300 | D:9      | Reached skill level 5 in Spellcasting
 11508 | D:10     | Entered Level 10 of the Dungeon
 11531 | D:10     | Noticed a soul eater
 11666 | D:10     | Found a flagged portal.
 11787 | Bailey   | Entered a bailey
 11993 | Bailey   | Noticed an orc high priest
 12005 | Bailey   | Killed an orc high priest
 12006 | Bailey   | Reached skill level 5 in Axes
 12264 | Bailey   | Reached XP level 11. HP: 76/89 MP: 24/24
 12633 | Bailey   | Acquired 1261 gold pieces
 12650 | Bailey   | Noticed an orc high priest
 12653 | Bailey   | Noticed a sun demon
 12661 | Bailey   | Killed an orc high priest
 12662 | Bailey   | Reached skill level 1 in Evocations
 13529 | D:10     | Noticed a centaur warrior
 13536 | D:10     | Killed a centaur warrior
 13976 | D:10     | Reached skill level 5 in Dodging
 14406 | D:4      | Bought the +10 war axe of the Building Gods {drain, Stlth+}
                  | for 727 gold pieces
 14858 | D:11     | Found a portal to a secret trove of treasure.
 15177 | D:11     | Found a staircase to the Lair.
 15701 | D:11     | Learned a level 3 spell: Confusing Touch
 15710 | D:12     | Noticed a boulder beetle
 15718 | D:12     | Killed a boulder beetle
 15719 | D:12     | Reached skill level 1 in Hexes
 16518 | D:12     | Noticed a two-headed ogre
 16542 | D:12     | Noticed an orc knight
 17124 | D:12     | Found a runed translucent gate.
 17124 | D:12     | Found a runed translucent gate.
 17124 | D:12     | Noticed a centaur warrior
 17125 | D:12     | Noticed a tengu warrior
 17125 | D:12     | Identified the +1 double sword of Athramo {freeze, *Slow
                  | rPois rC+ Dex+3}
 17125 | D:12     | Noticed an orc knight
 17126 | D:12     | Found a runed translucent gate.
 17126 | D:12     | Noticed asd2613's ghost (journeyman TrGl)
 17129 | D:12     | Noticed a centaur warrior
 17203 | D:12     | Killed an orc knight
 17292 | D:12     | Killed a two-headed ogre
 17293 | D:12     | Reached XP level 12. HP: 97/97 MP: 16/25
 17514 | D:12     | Found a staircase to the Orcish Mines.
 17569 | D:12     | Learned a level 2 spell: Blink
 17570 | Orc:1    | Entered Level 1 of the Orcish Mines
 17599 | Orc:1    | Noticed an orc warlord
 17602 | Orc:1    | Paralysed by an orc sorcerer for 2 turns
 18177 | D:13     | Reached skill level 5 in Stealth
 18177 | D:13     | Reached skill level 1 in Translocations
 18574 | D:13     | Reached skill level 5 in Armour
 19082 | Lair:1   | Entered Level 1 of the Lair of Beasts
 19470 | Lair:1   | Acquired the amulet of Poifohaewk {Reflect rC+ Str+4 SH+5}
 20086 | Lair:2   | Found a frozen archway.
 20096 | IceCv    | Entered an ice cave
 20924 | IceCv    | HP: 2/100 [spore (37)]
 21068 | IceCv    | Reached skill level 1 in Shields
 21388 | IceCv    | Noticed a reaper
 21551 | IceCv    | HP: 4/100 [reaper/-4 scythe of freezing (19)]
 21982 | Lair:2   | Found a staircase to the Snake Pit.
 21988 | Lair:2   | You fall into a shaft and drop 2 floors!
 21988 | Lair:4   | Noticed Nessos
 22000 | Lair:4   | Killed Nessos
 22506 | Lair:3   | Reached skill level 5 in Shields
 22535 | Lair:3   | Reached XP level 13. HP: 92/105 MP: 20/26
 22636 | Lair:3   | Noticed Nergalle
 22645 | Lair:3   | Killed Nergalle
 23708 | Lair:4   | Reached skill level 5 in Hexes
 23783 | Lair:4   | Identified the maw talisman of Pathos {rC+++ Int+3 Slay-3}
 24023 | Lair:4   | Noticed Josephine
 24043 | Lair:4   | Killed Josephine
 25208 | Lair:5   | Entered Level 5 of the Lair of Beasts
 25446 | Lair:2   | Identified the +0 plate armour "Gauhumy" {rPois rC++}
 25631 | Lair:2   | Found a staircase to the Shoals.
 25785 | D:12     | Killed an orc warlord
 25998 | Orc:1    | Found Umac's Firing Range.
 26344 | Orc:2    | Entered Level 2 of the Orcish Mines
 26771 | Orc:2    | Found Cewnim's Book Boutique.
 27040 | Orc:2    | Found Riosh's Armour Emporium.
 27240 | Orc:2    | Reached XP level 14. HP: 93/118 MP: 24/27
 27503 | Orc:2    | Found a staircase to the Elven Halls.
 27891 | Orc:2    | Found Daaq Uqo's General Store.
 27892 | Orc:2    | Found Qummuik's Magic Scroll Emporium.
 27895 | Orc:2    | Bought Qitimulu's Quarto of Reconfigured Ill Luck for 576
                  | gold pieces
 27901 | Orc:2    | Learned a level 5 spell: Yara's Violent Unravelling
 27901 | Orc:2    | Bought a book of Weapons for 336 gold pieces
 27905 | Orc:2    | Learned a level 3 spell: Tukima's Dance
 27910 | Orc:2    | Bought an amulet of magic regeneration for 420 gold pieces
 27926 | Orc:2    | Found Pouvucw's Assorted Antiques.
 27929 | Orc:2    | Bought a scroll of identify for 26 gold pieces
 27929 | Orc:2    | Bought a scroll of identify for 26 gold pieces
 27929 | Orc:2    | Bought a scroll of identify for 26 gold pieces
 27934 | Orc:2    | Bought an ichor-stained morningstar for 225 gold pieces
 27934 | Orc:2    | Identified the +6 morningstar of the Equator {heavy, rPois}
                  | (You bought it in a shop on level 2 of the Orcish Mines)
 28073 | Orc:1    | Found Ylakhaeh's Magic Scroll Shoppe.
 28168 | Orc:1    | Bought a scroll of identify for 30 gold pieces
 28168 | Orc:1    | Bought a scroll of fear for 60 gold pieces
 28168 | Orc:1    | Bought 2 scrolls of identify for 60 gold pieces
 28168 | Orc:1    | Bought a scroll of blinking for 112 gold pieces
 28168 | Orc:1    | Bought a scroll of fog for 60 gold pieces
 28168 | Orc:1    | Bought a scroll of teleportation for 45 gold pieces
 30657 | Lair:5   | Found a staircase to the Slime Pits.
 30804 | Lair:5   | Found a runed translucent door.
 30806 | Lair:5   | Noticed Biggs's ghost (journeyman TrFi)
 30808 | Lair:5   | Identified the +3 glaive "Igoru" {chaos, Will+ rCorr}
 31665 | Lair:5   | Found a large runed translucent door.
 31965 | Lair:5   | Found a large runed translucent door.
 33572 | Shoals:1 | Entered Level 1 of the Shoals
 33587 | Lair:2   | HP: 5/118 [snapping turtle (15)]
 33997 | Shoals:1 | Identified the amulet "Siocut" {Faith Will+ Dex+4}
 34332 | Shoals:1 | Reached XP level 15. HP: 113/124 MP: 17/28
 36295 | Shoals:2 | Identified the +5 arbalest "Qanuidao" {drain, rN+ rCorr}
 37135 | Shoals:3 | Found a transporter.
 37135 | Shoals:3 | Found the +6 lightning scales {swift, rElec}
 37248 | Shoals:3 | Found a transporter.
 37248 | Shoals:3 | Noticed Polyphemus
 38342 | Shoals:4 | Entered Level 4 of the Shoals
 38429 | Shoals:4 | Noticed Nikola
 39109 | Snake:1  | Entered Level 1 of the Snake Pit
 39109 | Snake:1  | Identified the serpent talisman "Naitha" {rElec Will+}
 39109 | Snake:1  | Noticed Aizul
 39120 | Snake:1  | Killed Aizul
 39395 | Snake:1  | Reached skill level 10 in Hexes
 39777 | Orc:2    | Bought a book of the Spheres for 768 gold pieces
 39798 | Orc:2    | Learned a level 5 spell: Irradiate
 40411 | Snake:1  | You fall into a shaft and drop 1 floor!
 40453 | Snake:2  | Reached skill level 4 in Conjurations
 40594 | Snake:1  | Noticed Donald
 41037 | Snake:1  | Reached skill level 5 in Conjurations
 41041 | Snake:1  | HP: 3/124 [naga ritualist/splash of poison (12)]
 41060 | Snake:1  | Gained mutation: You are dopey. (Int -2) [mutagenic glow]
 41308 | Snake:1  | Killed Donald
 41629 | Snake:1  | Found a runed translucent door.
 41727 | Snake:2  | Reached skill level 6 in Conjurations
 42092 | Snake:2  | Reached XP level 16. HP: 64/132 MP: 26/32
 42625 | Snake:2  | Acquired the +0 kite shield of Shadows and Fog {^Contam
                  | rPois rN++ Dex+3}
 42648 | Snake:3  | Reached skill level 7 in Conjurations
 43419 | Snake:3  | Reached skill level 8 in Conjurations
 44208 | Snake:3  | Reached skill level 9 in Conjurations
 44514 | Snake:3  | Gained mutation: Your body sometimes deteriorates upon
                  | taking damage. [mutagenic glow]
 44573 | Snake:3  | Lost mutation: You are dopey. (Int -2) [potion of mutation]
 44573 | Snake:3  | Lost mutation: Your body sometimes deteriorates upon taking
                  | damage. [potion of mutation]
 44573 | Snake:3  | Gained mutation: You have a pair of small horns on your
                  | head. [potion of mutation]
 44573 | Snake:3  | Gained mutation: You are partially covered in iridescent
                  | scales. (AC +2) [potion of mutation]
 44573 | Snake:3  | Gained mutation: Your body sometimes deteriorates upon
                  | taking damage. [potion of mutation]
 44573 | Snake:3  | Gained mutation: You are partially covered in large bone
                  | plates. (SH +4) [potion of mutation]
 44574 | Snake:3  | Lost mutation: Your body sometimes deteriorates upon taking
                  | damage. [potion of mutation]
 44574 | Snake:3  | Lost mutation: You have a pair of small horns on your head.
                  | [potion of mutation]
 44574 | Snake:3  | Lost mutation: You are partially covered in iridescent
                  | scales. (AC +2) [potion of mutation]
 44574 | Snake:3  | Gained mutation: You have large cloven feet. [potion of
                  | mutation]
 44574 | Snake:3  | Gained mutation: Your system is resistant to poisons.
                  | (rPois) [potion of mutation]
 44574 | Snake:3  | Gained mutation: Your natural rate of healing is unusually
                  | fast. [potion of mutation]
 44602 | Snake:4  | Entered Level 4 of the Snake Pit
 45767 | Snake:4  | Reached skill level 10 in Conjurations
 46424 | Snake:4  | Reached skill level 11 in Conjurations
 46602 | Snake:4  | HP: 4/132 [shock serpent/bolt of electricity (24)]
 47372 | Snake:4  | Reached skill level 12 in Conjurations
 47900 | Snake:4  | Got a serpentine rune of Zot
 47910 | Snake:4  | Reached XP level 17. HP: 137/137 MP: 31/35
 47920 | Snake:4  | Learned a level 7 spell: Orb of Destruction
 48893 | Shoals:3 | Killed Polyphemus
 49058 | Shoals:4 | Reached skill level 13 in Conjurations
 49089 | Shoals:3 | Killed Nikola
 50100 | Shoals:4 | Reached skill level 14 in Conjurations
 50702 | Shoals:4 | Identified the +4 falchion of the Reaper {holy, rPois Will+
                  | Stlth+}
 50747 | Shoals:4 | Got a barnacled rune of Zot
 50813 | Shoals:4 | Reached skill level 1 in Long Blades
 51583 | D:14     | Noticed Kirke
 51594 | D:14     | Killed Kirke
 51625 | D:14     | Found a gate to the Vaults.
 51736 | D:14     | Identified the +5 chain mail "Panwed" {Str+6}
 52460 | D:15     | Entered Level 15 of the Dungeon
 52518 | D:15     | Noticed Agnes
 52529 | D:15     | Killed Agnes
 52530 | D:15     | Reached skill level 15 in Conjurations
 52796 | D:15     | Found a staircase to the Depths.
 53272 | D:15     | Noticed Azrael
 53294 | D:15     | Killed Azrael
 54693 | Elf:1    | Entered Level 1 of the Elven Halls
 54701 | Elf:1    | Paralysed by an air elemental for 1 turns
 54705 | Elf:1    | Paralysed by an air elemental for 1 turns
 54877 | Elf:1    | Reached skill level 10 in Spellcasting
 54996 | Orc:2    | Bought the +0 pair of boots of the Kettle-Drum {rC- Will+
                  | SInv Stlth+} for 256 gold pieces
 55393 | Elf:1    | Reached XP level 18. HP: 145/145 MP: 22/37
 55663 | Elf:1    | Found Asuircheu's Jewellery Boutique.
 55736 | Elf:1    | Paralysed by an air elemental for 1 turns
 56294 | Elf:2    | Reached skill level 16 in Conjurations
 56304 | Elf:2    | Reached skill level 5 in Long Blades
 56474 | Elf:2    | Found Rixkoroc's Assorted Antiques.
 57090 | Elf:2    | Found a runed translucent gate.
 57091 | Elf:2    | Found a runed translucent gate.
 57091 | Elf:2    | Found a runed translucent gate.
 57489 | Elf:3    | Entered Level 3 of the Elven Halls
 57684 | Elf:3    | Found Fycheam's Distillery.
 59303 | Elf:3    | Paralysed by an air elemental for 1 turns
 59305 | Elf:3    | Paralysed by an air elemental for 1 turns
 59307 | Elf:3    | Paralysed by an air elemental for 1 turns
 59309 | Elf:3    | Paralysed by an air elemental for 1 turns
 59481 | Elf:3    | Reached skill level 17 in Conjurations
 59505 | Elf:3    | Noticed a Hell Sentinel
 59510 | Elf:3    | Found a runed translucent gate.
 59510 | Elf:3    | Noticed a tentacled monstrosity
 59512 | Elf:3    | Found a runed translucent gate.
 59512 | Elf:3    | Found a runed translucent gate.
 60963 | D:6      | Killed gimp's ghost
 60971 | D:6      | Killed GreenGuy14's ghost
 60980 | D:6      | Killed hecktor's ghost
 61391 | D:12     | Killed asd2613's ghost
 61463 | D:12     | Got the Precepts of Bombardment
 61864 | Shoals:3 | Identified the amulet "Ycziefis" {Faith rElec rC++}
 62730 | Elf:2    | Bought a scroll of teleportation for 111 gold pieces
 62780 | Elf:1    | Bought the ring "Zoud" {rC+ rN+ Will++ Str+4 Slay+3} for
                  | 925 gold pieces
 63665 | Elf:3    | Noticed a tentacled monstrosity
 63666 | Elf:3    | Noticed a tentacled monstrosity
 63668 | Elf:3    | Noticed a tentacled monstrosity
 63934 | Elf:3    | Reached skill level 18 in Conjurations
 64033 | Elf:3    | Identified the +1 quarterstaff "Exifurit" {antimagic, rElec
                  | rC+ rCorr Str+2}
 64347 | Elf:3    | Identified the +10 halberd of the Keeping Soothsayer
                  | {drain, *Slow rPois rCorr Int-3}
 64347 | Elf:3    | Identified the ring of Xeshifut {rC+ rN+ Str+2}
 64359 | Elf:3    | Reached XP level 19. HP: 151/151 MP: 11/38
 64366 | Elf:3    | Identified the +4 quarterstaff of the Inferno {venom, rPois
                  | rN+ Int+3}
 64366 | Elf:3    | Identified the +2 leather armour of the Spider Nest {+Inv
                  | rCorr Str-5}
 64366 | Elf:3    | Identified the ring of Desertification {rPois rN+ Dex+4}
 64677 | Elf:3    | Identified the +5 glaive of a wizard's laboratory {heavy,
                  | *Noise Fly rPois Dex+5}
 64904 | Elf:3    | Identified the +1 plate armour "Jilebot" {rF++ Dex-3}
 65370 | Elf:3    | Identified the staff of Fate {rC+ Str+3 Ice}
 65383 | Elf:3    | Identified the +5 triple crossbow "Farono" {heavy, rF- rC++
                  | Dex+5}
 65386 | Elf:3    | Identified the dragon-blood talisman of Diptitzi {rElec
                  | rN+}
 66999 | Slime:1  | Entered Level 1 of the Pits of Slime
 67657 | Slime:1  | Gained mutation: You are dopey. (Int -2) [a shining eye]
 67664 | Slime:1  | Gained mutation: Your spells are a little easier to cast,
                  | but a little less powerful. [a shining eye]
 67667 | Slime:1  | Gained mutation: Your body sometimes deteriorates upon
                  | taking damage. [a shining eye]
 67848 | Slime:1  | Gained mutation: You have hidden genetic potential. [a
                  | shining eye]
 67857 | Slime:1  | Gained mutation: You occasionally lose the ability to read
                  | scrolls when taking damage. [a shining eye]
 67861 | Slime:1  | Gained mutation: Your spells are easier to cast, but less
                  | powerful. [a shining eye]
 67885 | Lair:5   | Lost mutation: You have hidden genetic potential. [potion
                  | of mutation]
 67885 | Lair:5   | Lost mutation: Your natural rate of healing is unusually
                  | fast. [potion of mutation]
 67885 | Lair:5   | Lost mutation: You have large cloven feet. [potion of
                  | mutation]
 67886 | Lair:5   | Lost mutation: You are dopey. (Int -2) [potion of mutation]
 67886 | Lair:5   | Lost mutation: You occasionally lose the ability to read
                  | scrolls when taking damage. [potion of mutation]
 67886 | Lair:5   | Gained mutation: You are vulnerable to cold. (rC-) [potion
                  | of mutation]
 67886 | Lair:5   | Gained mutation: You occasionally shout uncontrollably at
                  | your foes. [potion of mutation]
 67886 | Lair:5   | Gained mutation: You expend magic power (3 MP) to
                  | strengthen your wands. [potion of mutation]
 67887 | Lair:5   | Lost mutation: You are partially covered in large bone
                  | plates. (SH +4) [potion of mutation]
 67887 | Lair:5   | Lost mutation: Your system is resistant to poisons. (rPois)
                  | [potion of mutation]
 67887 | Lair:5   | Lost mutation: Your body sometimes deteriorates upon taking
                  | damage. [potion of mutation]
 67887 | Lair:5   | Gained mutation: You possess an exceptional clarity of
                  | mind. [potion of mutation]
 67887 | Lair:5   | Lost mutation: You are vulnerable to cold. (rC-) [potion of
                  | mutation]
 67887 | Lair:5   | Gained mutation: Your flesh is heat resistant. (rF+)
                  | [potion of mutation]
 67888 | Lair:5   | Lost mutation: Your flesh is heat resistant. (rF+) [potion
                  | of mutation]
 67888 | Lair:5   | Lost mutation: Your spells are easier to cast, but less
                  | powerful. [potion of mutation]
 67888 | Lair:5   | Lost mutation: You possess an exceptional clarity of mind.
                  | [potion of mutation]
 67888 | Lair:5   | Lost mutation: Your spells are a little easier to cast, but
                  | a little less powerful. [potion of mutation]
 69047 | Vaults:1 | Entered Level 1 of the Vaults
 69229 | Vaults:1 | Found Nyjyll's Distillery.
 69236 | Vaults:1 | Bought a potion of heal wounds for 90 gold pieces
 69236 | Vaults:1 | Bought a potion of curing for 54 gold pieces
 69236 | Vaults:1 | Bought a potion of haste for 180 gold pieces
 69596 | Vaults:1 | Identified the +1 sling of Foloupec {heavy, rF+ rCorr Int-2
                  | Dex+3}
 71100 | Vaults:1 | Reached skill level 5 in Evocations
 71645 | Vaults:1 | Reached skill level 10 in Shields
 71975 | Vaults:1 | Acquired the quicksilver dragon scales of the Earth {rElec
                  | rF+ Will+ Str+3}
 72051 | Vaults:1 | Found Uloxom's Magic Scroll Shoppe.
 72051 | Vaults:1 | Found Okosaav's Armour Shoppe.
 72063 | Vaults:1 | Bought a scroll of teleportation for 60 gold pieces
 72063 | Vaults:1 | Bought a scroll of teleportation for 60 gold pieces
 72336 | Vaults:1 | Found Awimeup's Distillery.
 75746 | Vaults:3 | Noticed Asterion
 75760 | Vaults:3 | Killed Asterion
 76242 | Vaults:3 | Reached XP level 20. HP: 77/158 MP: 7/40
 77297 | Vaults:3 | Found Fuoxohe's Magic Scroll Shoppe.
 77303 | Vaults:3 | Bought a scroll of teleportation for 48 gold pieces
 78449 | Vaults:3 | Found a staircase to the Crypt.
 78451 | Vaults:3 | You fall into a shaft and drop 1 floor!
 80536 | Vaults:4 | Reached skill level 10 in Fighting
 80930 | Vaults:4 | Found the +7 lajatang of Order {silver, rMut}
 80930 | Vaults:4 | Found the +9 sword of Power {lifebolt}
 81681 | Vaults:5 | Entered Level 5 of the Vaults
 81724 | Vaults:5 | HP: 6/163 [stone giant/large rock (15)]
 81991 | Vaults:5 | Noticed Mara
 81993 | Vaults:5 | Noticed jamsaran's illusion
 82463 | Vaults:3 | Learned a level 5 spell: Fireball
 82489 | Crypt:1  | Entered Level 1 of the Crypt
 82489 | Crypt:1  | Found a transporter.
 82489 | Crypt:1  | Found a transporter.
 83601 | Crypt:1  | HP: 8/167 [iron dragon zombie (9)]
 83602 | Crypt:1  | Noticed Vailuoroe's ghost (veteran GrEE)
 83603 | Crypt:1  | Mangled by a skeletal warrior

Illustrated notes

Levels and vault maps discovered:
D:1:      reono_arrival_forest_river, layout_basic
D:2:      layout_loops_ring, hellmonk_ecumenical_altar_arch_garden, uniq_natasha
D:3:      layout_basic, serial_rivers, chequers_serial_rivers_small_3,
          chequers_serial_rivers_large_b, chequers_serial_rivers_large_a,
          chequers_serial_rivers_micro_b, chequers_serial_rivers_micro_e,
          chequers_serial_rivers_room_b
D:4:      layout_gridville, nicolae_ru_awakened_eye, serial_shops, shop,
          uniq_robin
D:5:      layout_basic, marbit_many_paths, lightli_sewer_entry_pipes,
          uniq_crazy_yiuf_cottage, uniq_duvessa, uniq_sigmund
D:6:      layout_basic, slow_altar_2, mainiacjoe_overflow_concentric_impassable,
          gammafunk_ghost_cemetery, uniq_eustachio
D:7:      layout_gridville, minmay_temple_entry_trees, nicolae_elemental_shop
D:8:      layout_basic, kennysheep_mini_moat, tgw_kikubaaqudgha
D:9:      layout_basic, minmay_stone_trees_small, nicolae_benzene_ring
D:10:     hangedman_cross_stitches, layout_basic,
          nicolae_overflow_hidden_temple, zin_treasury,
          amethyst_overflow_temple_binary, enter_bailey_4
D:11:     layout_loops_corners, hellmonk_lair_entry_icy,
          nicolae_trove_entry_free_sample
D:12:     layout_basic, erik_orc_2, gammafunk_ghost_fury_of_okawaru,
          dreamdust_wishing_well, interstate_on_off, minmay_misc_feat_nine_boxes
D:13:     layout_basic
D:14:     layout_loops_cross, grunt_vaults_entry_tiered, serial_demonic,
          serial_demonic_c, serial_demonic_c, serial_demonic_c,
          serial_demonic_b, serial_demonic_d, serial_demonic_g,
          hangedman_decor_peaks_small, uniq_kirke
D:15:     hangedman_depths_entry_try_elsewhere_first, layout_layer_cave,
          minmay_misc_feat_rugged, uniq_azrael, uniq_agnes
Lair:1:   layout_small_grid, grunt_megastairs_4
Lair:2:   layout_layer_cave, elwin_shoals_entry_rocks,
          nicolae_snake_entry_warm_welcome, portal_ice_cave_entry_pillars_1
Lair:3:   layout_cave_pods, uniq_nergalle
Lair:4:   layout_cave_pods, chequers_serial_rivers_small_3, uniq_nessos,
          uniq_josephine
Lair:5:   cheibrodos_lair_end_hotspot, layout_long_grid,
          dpeg_slime_entry_enclosed, ebering_ghost_xom, serial_bayou_shore_a
Shoals:1: layout_shoals
Shoals:2: layout_shoals, regret_index_shoals_crete
Shoals:3: gammafunk_sealed_arena, layout_shoals, uniq_polyphemus
Shoals:4: shoals_end_simple, layout_shoals, nicolae_shoals_isolated_beach,
          uniq_nikola
Snake:1:  cheibrodos_toxic_ritual, layout_onion_interference, uniq_aizul,
          uniq_donald
Snake:2:  layout_gridlike
Snake:3:  layout_onion, grunt_ministairs_6, nicolae_integral_box
Snake:4:  johnstein_snake_rune_scales, layout_grid_maze, nicolae_snake_shapes
Slime:1:  layout_caves
Slime:2:  layout_caves
Orc:1:    layout_diamond_mine, serial_shops, shop, nicolae_orc_found_a_spring,
          nicolae_shop_firing_range
Orc:2:    st_orc_open, layout_diamond_mine, serial_shops, nicolae_lakefront_shop
Elf:1:    layout_loops_cross, serial_shops, nicolae_shop_stone,
          evilmike_minifort, grunt_ministairs_13
Elf:2:    nicolae_elf_blades_crystal_corner, layout_geoelf_octagon,
          serial_shops, nicolae_shop_tiny_waterfront
Elf:3:    minmay_elf_hall_curves, layout_gridlike,
          ploomutoo_gammafunk_ghost_potion_laboratory, serial_shops, shop,
          st_stairs_9, grunt_ministairs_5, dk_noncrumbling_4
Vaults:1: nicolae_vaults_back_hallway, nicolae_vaults_shrinking_rooms_1,
          vaults_room_ringed_pool, v_misc_8, nicolae_vaults_sealed_display,
          vaults_mumra_hex, vaults_mumra_chevron, nicolae_vaults_alarming,
          hangedman_vaults_nails, vaults_room_semicircle,
          nicolae_vaults_tangram_1, nicolae_vaults_storage_closets_3,
          nicolae_vaults_trapezoid_2, grunt_vaults_hallway_long,
          layout_vaults_ring, serial_shops, shop, shop, nicolae_shop_trees,
          nicolae_lakefront_shop
Vaults:2: hangedman_vaults_nails, v_pattern_1, v_misc_17,
          nicolae_vaults_halls_meeting, nicolae_vaults_mini_display_case,
          nicolae_vaults_asterisk, nicolae_vaults_trapezoid_lopsided_1,
          ontoclasm_vaults_eye, nicolae_vaults_heist,
          nicolae_vaults_diagonal_hallway_8,
          vaults_room_grunt_arrival_checkpoint, vaults_room_semicircle,
          nicolae_vaults_angled_halls, layout_vaults_omnicross
Vaults:3: minmay_crypt_entry_simple_round, nicolae_vaults_stairing_the_circle,
          vaults_room_semicircle, nicolae_vaults_six-pack,
          hangedman_vaults_corner_blocks, nicolae_vaults_hallways_thing,
          nicolae_vaults_meiosis, nicolae_vaults_border_crossing,
          nicolae_vaults_tetromino_T_1, hangedman_vaults_capsules,
          vaults_standard_mumra_x, layout_vaults_omnibox, serial_shops,
          nicolae_shop_real_fake_doors, uniq_asterion
Vaults:4: nicolae_vaults_security_offices_2, hangedman_vaults_river_flow,
          nicolae_vaults_trapezoid_lopsided_2, nicolae_vaults_closet_pinwheel_3,
          nicolae_vaults_lightning_bolt, v_misc_29,
          nicolae_vaults_tetromino_T_1, layout_vaults_chaotic_city
Vaults:5: uniq_saint_roka, uniq_mara
Crypt:1:  minmay_skeleton_keep, layout_misc_corridors,
          gammafunk_ghost_abyssal_escape, nicolae_crypt_smalloseum

Skill      XL: |  1  2  3  4  5  6  7  8  9 10 11 12 13 14 15 16 17 18 19 20 |
---------------+-------------------------------------------------------------+-----
Conjurations   | 1 2 3 6 12 15 18 | 18.0
Spellcasting   | 2 3 4 6 8 9 10 11 12 | 12.0
Alchemy        | 3 4 6 7 9 |  9.0
Air Magic      | 1 2 3 |  3.0
Fire Magic     | 1 4 6 7 |  7.0
Fighting       | 3 4 6 7 9 11 | 11.9
Dodging        | 2 3 6 8 9 |  9.0
Stealth        | 2 3 4 6 8 9 |  9.0
Armour         | 1 3 4 6 8 9 |  9.0
Axes           | 5 6 7 9 |  9.0
Evocations     | 3 6 9 |  9.0
Hexes          | 2 4 8 9 10 11 12 | 12.0
Translocations | 3 |  3.0
Shields        | 5 6 8 9 10 12 | 12.0
Long Blades    | 4 8 9 |  9.0

Action                     |  1- 3 |  4- 6 |  7- 9 | 10-12 | 13-15 | 16-18 | 19-21 || total
---------------------------+-------+-------+-------+-------+-------+-------+-------++-------
  Melee: Dagger            |    24 |     6 |    48 |       |       |       |       ||    78
         Unarmed           |     1 |       |       |       |       |       |       ||     1
         Hand axe          |       |       |    18 |    73 |       |       |       ||    91
         Falchion          |       |       |    16 |       |       |    16 |   220 ||   252
         War axe           |       |       |       |   151 |   453 |   589 |   380 ||  1573
         Morningstar       |       |       |       |       |     5 |    14 |       ||    19
   Cast: Sting             |    76 |   162 |    28 |     3 |     1 |       |       ||   270
         Mephitic Cloud    |       |     7 |    10 |    15 |    27 |       |       ||    59
         Olgreb's Toxic Ra |       |     2 |    52 |   164 |   299 |   261 |   185 ||   963
         Sticky Flame      |       |       |    20 |    86 |   136 |   144 |    69 ||   455
         Tukima's Dance    |       |       |       |       |    30 |    98 |    17 ||   145
         Confusing Touch   |       |       |       |       |     6 |    13 |     1 ||    20
         Irradiate         |       |       |       |       |    10 |    12 |    14 ||    36
         Yara's Violent Un |       |       |       |       |       |    27 |    12 ||    39
         Orb of Destructio |       |       |       |       |       |   120 |   162 ||   282
         Blink             |       |       |       |       |       |     3 |    12 ||    15
         Fireball          |       |       |       |       |       |       |     5 ||     5
    Use: Scroll            |       |     4 |     2 |    18 |    32 |    21 |    14 ||    91
         Potion            |       |     1 |       |       |    14 |    23 |    19 ||    57
   Stab: Confused          |       |       |     1 |       |     6 |     4 |     1 ||    12
         Sleeping          |       |       |       |     2 |     1 |     2 |     4 ||     9
         Distracted        |       |       |       |       |     1 |     1 |     1 ||     3
         Invisible         |       |       |       |       |       |       |     3 ||     3
 Armour: Robe              |    31 |    35 |       |       |       |       |       ||    66
         Animal skin       |       |    10 |   108 |    27 |       |       |       ||   145
         Troll leather arm |       |       |       |    56 |   365 |   143 |       ||   564
         Steam dragon scal |       |       |       |   261 |   221 |       |       ||   482
         Skin              |       |       |       |       |     5 |       |       ||     5
         Ring mail         |       |       |       |       |       |   325 |       ||   325
         Quicksilver drago |       |       |       |       |       |   261 |   602 ||   863
  Dodge: Dodged            |    25 |    35 |    71 |   220 |   412 |   404 |   376 ||  1543
  Block: Buckler           |       |       |       |    34 |   102 |       |       ||   136
         Kite shield       |       |       |       |       |   327 |   828 |   778 ||  1933
         Reflection        |       |       |       |       |    37 |    53 |    47 ||   137

Table legend: (Time is in decaauts)
 A = Elapsed time spent in this place.
 B = Non-inter-level travel time spent in this place.
 C = Inter-level travel time spent in this place.
 D = Time resting spent in this place.
 E = Time spent auto-exploring this place.
 F = Levels seen in this place.
 G = Mean time per level.
                   A        B        C        D        E       F      G
               +--------+--------+--------+--------+--------+-----+--------+
         Total |  84547 |  77616 |   6931 |  27997 |  35185 |  43 | 1966.2 |
       Dungeon |  25431 |  22724 |   2707 |   5548 |  13570 |  15 | 1695.4 |
          Lair |  11239 |   9821 |   1418 |   3025 |   5372 |   5 | 2247.8 |
        Shoals |   8001 |   7382 |    619 |   2952 |   3004 |   4 | 2000.2 |
     Snake Pit |   9256 |   8720 |    536 |   3617 |   2840 |   4 | 2314.0 |
    Slime Pits |    811 |    754 |     57 |    352 |    281 |   2 |  405.5 |
  Orcish Mines |   3161 |   2665 |    496 |    743 |   1378 |   2 | 1580.5 |
   Elven Halls |   8822 |   8206 |    616 |   3559 |   2759 |   3 | 2940.7 |
        Vaults |  14331 |  13852 |    479 |   6431 |   5139 |   5 | 2866.2 |
         Crypt |    216 |    216 |      0 |      0 |      0 |   1 |  216.0 |
        Bailey |   1502 |   1502 |      0 |    802 |    369 |   1 | 1502.0 |
      Ice Cave |   1772 |   1772 |      0 |    968 |    470 |   1 | 1772.0 |
               +--------+--------+--------+--------+--------+-----+--------+

Top non-repeatable levels by time:
   Elf:3: 4109 daAuts
Vaults:2: 4095 daAuts
Vaults:1: 3878 daAuts
  Lair:5: 3636 daAuts
Vaults:3: 3426 daAuts
 Snake:4: 3167 daAuts
   Elf:2: 2944 daAuts
    D:15: 2907 daAuts
    D:12: 2836 daAuts
  Lair:2: 2746 daAuts
Vaults:4: 2617 daAuts
 Snake:3: 2435 daAuts
    D:14: 2408 daAuts
 Snake:1: 2364 daAuts
   Orc:2: 2279 daAuts
